 Dungeon Crawl Stone Soup version 0.27-a0-1500-g450c7e4133 (webtiles) character file.

Game seed: 12656327337900614378

56 wesbby the Skirmisher (level 3, -1/51 HPs)
             Began as a Minotaur Berserker on July 7, 2021.
             Was a Believer of Trog.
             Slain by a gnoll (6 damage)
             ... on level 2 of the Dungeon.
             The game lasted 00:01:40 (1534 turns).

wesbby the Skirmisher (Minotaur Berserker)          Turns: 1534, Time: 00:01:41

Health: -1/51      AC:  2    Str: 22    XL:     3   Next: 71%
Magic:  2/2        EV:  9    Int:  4    God:    Trog [**....]
Gold:   52         SH:  7    Dex:  9    Spells: 2/2 levels left

rFire    . . .     SeeInvis .   a - +0 spear
rCold    . . .     Faith    .   e - +0 kite shield
rNeg     . . .     Spirit   .   b - +0 animal skin
rPois    .         Reflect  .   (helmet restricted)
rElec    .         Harm     .   (no cloak)
rCorr    .         Rampage  .   (no gloves)
Will     .....                  (no boots)
Stlth    ..........             (no amulet)
HPRegen  0.17/turn              (no ring)
MPRegen  0.08/turn              (no ring)

@: berserking (expiring), very quick
A: horns 2, retaliatory headbutt
a: Renounce Religion, Berserk, Trog's Hand


You were on level 2 of the Dungeon.
You worshipped Trog.
Trog was pleased with you.
You visited 1 branch of the dungeon, and saw 2 of its levels.

You collected 52 gold pieces.

Inventory:

Hand Weapons
 a - a +0 spear (weapon)
Missiles
 h - 7 boomerangs (quivered)
Armour
 b - a +0 animal skin (worn)
 e - a +0 kite shield (worn)
Scrolls
 c - 2 scrolls of identify {unknown}
 d - a scroll of immolation {unknown}
 i - a scroll of blinking {unknown}
 j - a scroll of teleportation {unknown}
 k - a scroll of amnesia {unknown}
Potions
 f - 3 potions of degeneration {unknown}
 g - a potion of curing {unknown}


   Skills:
 + Level 4.6 Fighting
 + Level 4.5 Polearms
 + Level 2.7 Armour
 + Level 2.5 Dodging
 + Level 0.1 Shields


You had 2 spell levels left.
You didn't know any spells.
Your spell library was empty.

Dungeon Overview and Level Annotations

Branches:
Dungeon (2/15)

Altars:

Shops:
D:1 [[


Innate Abilities, Weirdness & Mutations

You have a pair of horns on your head.
You reflexively headbutt those who attack you in melee.


Message History

You are too injured to fight recklessly!
You are too injured to fight recklessly!
You are too injured to fight recklessly!
You are too injured to fight recklessly!
You are too injured to fight recklessly!
You are too injured to fight recklessly!
You are too injured to fight recklessly!
You are too injured to fight recklessly!
You are too injured to fight recklessly!
You are too injured to fight recklessly!
You are too injured to fight recklessly!
You are too injured to fight recklessly!
You are too injured to fight recklessly!
You are too injured to fight recklessly!
You are too injured to fight recklessly!
You are too injured to fight recklessly!
A red film seems to cover your vision as you go berserk!
You feel yourself moving faster!
You feel mighty!
A gnoll comes into view. It is wielding a +0 spear.
You block the gnoll's attack.
The gnoll hits you from afar with a +0 spear.
* * * LOW HITPOINT WARNING * * *
You barely miss the gnoll. You headbutt the gnoll!
You kill the gnoll!
Trog accepts your kill. You block the gnoll's attack.
The gnoll barely misses you. You block the gnoll's attack.
You puncture the gnoll!
The gnoll is severely wounded.
The gnoll hits you from afar with a +0 spear!
* * * LOW HITPOINT WARNING * * *
You hit the gnoll.
The gnoll is moderately wounded.
The gnoll hits you with a +0 spear.
* * * LOW HITPOINT WARNING * * *
The gnoll barely misses you.
You puncture the gnoll!
The gnoll is almost dead.
The gnoll hits you with a +0 spear.
You die...

##'## .. ##...## ..###
#.##.....## ##
.#.####.#.......##
#.###....##..........#
#.#.................'
#...<..##..........#
#.#g#.##.#.......##
#g@......##.....##
#####.######...##
##.## ##'## #...# #.#
###...### #†#
#.......####.#####
#................#
#.......#.........
###...###.#...##.#


You could see 2 gnolls.

Vanquished Creatures
  A gnoll (D:2)
  An adder (D:2)
  A worm (D:2)
  A dart slug (D:1)
  2 bats
  2 endoplasms
  4 giant cockroaches
  4 goblins
  A hobgoblin (D:1)
  3 quokkas
  3 ball pythons
  2 frilled lizards (D:2)
  2 kobolds (D:1)
  6 rats
33 creatures vanquished.

Notes
Turn   | Place    | Note
-------+----------+-------------------------------------------
     0 | D:1      | wesbby the Minotaur Berserker began the quest for the Orb.
     0 | D:1      | Reached XP level 1. HP: 19/19 MP: 0/0
   287 | D:1      | Reached XP level 2. HP: 27/27 MP: 1/1
   404 | D:1      | Found a faded altar of an unknown god.
   573 | D:1      | Found Gos Unat's Antique Armour Shop.
   745 | D:1      | Found Vouckol's Armour Shop.
   855 | D:2      | Reached ** piety under Trog
   992 | D:2      | Reached XP level 3. HP: 33/33 MP: 2/2
  1534 | D:2      | Slain by a gnoll

Illustrated notes

Levels and vault maps discovered:
D:1:      minmay_arrival_hallway, layout_basic, serial_shops, shop, shop,
          shapermc_ecumenical_altar_mp_vishouse
D:2:      layout_loops_corners, grunt_ministairs_3

Skill      XL: |  1  2 |
---------------+-------+-----
Fighting       | 4 |  4.6
Polearms       | 4 |  4.5
Armour         | |  2.7
Dodging        | |  2.5
Shields        | |  0.1

Action                   || total
-------------------------++-------
Melee: Spear             ||    78
       Headbutt          ||    14
Invok: Berserk           ||     1
Armor: Animal skin       ||     6
Dodge: Dodged            ||    22
Block: Kite shield       ||    19

Table legend: (Time is in decaauts)
 A = Elapsed time spent in this place.
 B = Non-inter-level travel time spent in this place.
 C = Inter-level travel time spent in this place.
 D = Time resting spent in this place.
 E = Time spent auto-exploring this place.
 F = Levels seen in this place.
 G = Mean time per level.
                   A        B        C        D        E       F      G
               +--------+--------+--------+--------+--------+-----+--------+
         Total |   1546 |   1508 |     38 |      0 |   1318 |   2 |  773.0 |
       Dungeon |   1546 |   1508 |     38 |      0 |   1318 |   2 |  773.0 |
               +--------+--------+--------+--------+--------+-----+--------+

Top non-repeatable levels by time:
     D:1: 776 daAuts
     D:2: 769 daAuts
